 Dungeon Crawl Stone Soup version bcrawl-1.21.3 (webtiles) character file.

Game seed: 6695912727226814465

10 funkygono the Vexing (level 2, 0/16 HPs)
             Began as a Skeleton Arcane Marksman on Apr 8, 2020.
             Slain by a goblin
             ... wielding a +0 club
              (2 damage)
             ... on level 1 of the Dungeon.
             The game lasted 00:01:58 (459 turns).

funkygono the Vexing (Skeleton Arcane Marksman)      Turns: 459, Time: 00:01:59

Health: 0/16       AC:  2    Str: 15 (16) XL:     2   Next: 10%
Magic:  0/6        EV: 12    Int: 11      God:
Gold:   1          SH:  0    Dex:  9      Spells: 4/7 levels left

rFire    . . .     SeeInvis .   b - +0 dagger
rCold    + . .     Gourm    .   (no shield)
rNeg     + + +     Faith    .   c - +0 robe
rPois    ∞         Spirit   +   (no helmet)
rElec    .         Reflect  .   (no cloak)
rCorr    .         Harm     .   (no gloves)
MR       .....                  (no boots)
Stlth    +.........             (no amulet)
HPRegen  0.05/turn              (no ring)
MPRegen  0.10/turn              (no ring)

@: no status effects
A: no food or potions, cold resistance 1, deterioration 1, negative energy
resistance 3, torment resistance, unbreathing, magic shield, sturdy frame 1,
spell healing
a: no special abilities


You were on level 1 of the Dungeon.
You were not hungry.

You visited 1 branch of the dungeon, and saw 1 of its levels.

You collected 1 gold pieces.

Inventory:

Hand Weapons
 a - a +0 hunting sling
 b - a +0 dagger (weapon)
Missiles
 e - 222 sling bullets
Armour
 c - a +0 robe (worn)
Scrolls
 d - a scroll of enchant armour {unknown}


   Skills:
 + Level 1.1 Fighting
 + Level 2.6 Slings
 + Level 2.1 Dodging
 + Level 3.2 Spellcasting
 + Level 3.6 Hexes


You had 4 spell levels left.
You knew the following spells:

 Your Spells              Type           Power        Failure   Level  Hunger
a - Corona                Hex            #......      6%          1    N/A
b - Shackle               Hex            #.......     9%          2    N/A

Your spell library contained the following spells:

 Spells                   Type           Power        Failure   Level  Hunger
 False Image              Hex/Summ       #.......     36%         3    N/A
 Inner Flame              Hex/Fire       N/A          36%         3    N/A
 Cause Fear               Hex            #.........   52%         4    N/A
 Yara's Violent Unravell  Hex/Tmut       #.........   77%         4    N/A

Dungeon Overview and Level Annotations

Branches:
Dungeon (1/12)

Altars:


Innate Abilities, Weirdness & Mutations

You do not eat or drink.
You are immune to poison.
Your flesh is cold resistant. (rC+)
Your body sometimes deteriorates upon taking damage.
You are immune to negative energy. (rN+++)
You are immune to unholy pain and torment.
You can survive without breathing.
When hurt, damage is shared between your health and your magic reserves.
Your movements are slightly less encumbered by armour. (ER -2)
Casting spells heals you.


Message History

The jackal bites you.
* * * LOW HITPOINT WARNING * * *
The jackal bites you.
Casting: Corona (safe; 6% risk of failure)
Confirm with . or Enter, or press ? or * to list all spells.
You don't know that spell.
Unknown command.
Casting: Corona (safe; 6% risk of failure)
Confirm with . or Enter, or press ? or * to list all spells.
You don't have enough magic to cast that spell.
Unknown command.
The jackal bites you.
* * * LOW HITPOINT WARNING * * *
You closely miss the goblin. The jackal bites you.
* * * LOW HITPOINT WARNING * * *
The goblin closely misses you.
You miss the goblin. The jackal barely misses you.
The jackal bites you but does no damage.
The goblin hits you with a +0 club.
You die...

#######
#########..##.#####
#.....g.....#.....#
##.#######...#.###.##
.#.# #...#.#....# .#g#
##.##.####.# .#.#
#g##hh@g..# .#.#
#.######÷.# .#h# #.# #..#
†#.# #.######)g# .#.#
#...†.....#
.#.###############.######
...>........g...........#
....##############.####.#
.##.# ..#


You could see 2 jackals and a goblin.

Vanquished Creatures
  A worm (D:1)
  A goblin (D:1)
  A hobgoblin (D:1)
  2 jackals (D:1)
  A ball python (D:1)
  A rat (D:1)
7 creatures vanquished.

Notes
Turn   | Place    | Note
-------+----------+-------------------------------------------
     0 | D:1      | funkygono the Skeleton Arcane Marksman began the quest for
                  | the Orb.
     0 | D:1      | Reached XP level 1. HP: 12/12 MP: 4/4
   350 | D:1      | Reached XP level 2. HP: 16/16 MP: 4/6
   356 | D:1      | Learned a level 2 spell: Shackle
   459 | D:1      | Slain by a goblin

Action                   || total
-------------------------++-------
Melee: Dagger            ||    19
 Fire: Hunting sling     ||    18
 Cast: Corona            ||     8
       Shackle           ||     3
Armor: Robe              ||     3
Dodge: Dodged            ||    32
